 Dungeon Crawl Stone Soup version 0.30-a0-540-g0af01429fa (webtiles) character file.

Game seed: 3961997676535930457

273 wilfster70 the Chopper (level 6, -1/51 (56) HPs)
             Began as a Minotaur Fighter on Dec 25, 2022.
             Killed from afar by Dowan (10 damage)
             ... with a stone arrow
             ... on level 4 of the Dungeon.
             The game lasted 00:07:41 (2681 turns).

wilfster70 the Chopper (Minotaur Fighter)           Turns: 2681, Time: 00:07:42

HP:   -1/51 (56)    AC: 11    Str: 22    XL:     6   Next: 2%
MP:   5/5           EV:  7    Int:  5    God:
Gold: 200           SH:  4    Dex: 10    Spells: 5/5 levels left

rFire   . . .      SeeInvis .    a - +0 war axe
rCold   . . .      Faith    .    c - +0 buckler
rNeg    . . .      Spirit   .    n - +0 chain mail
rPois   .          Reflect  .    (helmet restricted)
rElec   .          Harm     .    (no cloak)
rCorr   .          Rampage  .    i - +0 pair of gloves
Will    .....                    (no boots) Stlth
                                 (no amulet)
HPRegen 0.28/turn                (no ring)
MPRegen 0.09/turn                (no ring)

@: mighty, hasted, drained, very quick
A: horns 2, retaliatory headbutt
a: no special abilities


You were on level 4 of the Dungeon.
You visited 1 branch of the dungeon, and saw 4 of its levels.

You collected 200 gold pieces.

Inventory:

Hand Weapons
 a - a +0 war axe (weapon)
 b - a +3 sling
Armour
 c - a +0 buckler (worn)
 f - a +0 scale mail
 i - a +0 pair of gloves (worn)
 n - a +0 chain mail (worn)
Jewellery
 j - a ring of see invisible
Scrolls
 h - a scroll of amnesia
 l - a scroll of immolation {unknown}
 q - a scroll of enchant armour {unknown}
Potions
 e - a potion of mutation {unknown}
 g - 3 potions of cancellation
 k - a potion of heal wounds {unknown}
 m - a potion of berserk rage {unknown}
 o - 2 potions of resistance
 p - a potion of curing {unknown}


   Skills:
 + Level 5.0 Fighting
 * Level 5.5 Axes
 + Level 5.0 Armour
 - Level 4.0 Shields


You had 5 spell levels left.
You didn't know any spells.
Your spell library contained the following spells:

 Spells                   Type           Power      Damage    Failure   Level
 Freeze                   Ice            0%         1d3       99%         1
 Frozen Ramparts          Ice            0%         1d1       100%        3
 Gell's Gravitas          Tloc           0%         N/A       100%        3
 Hailstorm                Conj/Ice       0%         3d3       100%        3
 Inner Flame              Hex/Fire       0%         N/A       100%        3
 Teleport Other           Tloc           0%         N/A       100%        3
 Cause Fear               Hex            0%         N/A       100%        4
 Dispersal                Tloc           0%         N/A       100%        6
 Discord                  Hex            0%         N/A       100%        8


Dungeon Overview and Level Annotations

Branches:
Dungeon (4/15)
 Temple: D:4-7

Altars:
Sif Muna

Shops:
D:1 !

Annotations:
D:4 Dowan


Innate Abilities, Weirdness & Mutations

You have a pair of horns on your head.
You reflexively headbutt those who attack you in melee.


Message History

You feel drained.
You slash Duvessa!
Duvessa is heavily wounded.
You slash the worm!
You kill the worm!
Duvessa hits you with a +2 short sword of draining!
You feel drained.
You hit Duvessa.
Duvessa is severely wounded.
Duvessa completely misses you.
Duvessa hits you with a +2 short sword of draining.
You feel drained.
You closely miss Duvessa.
Duvessa is severely wounded.
Duvessa hits you with a +2 short sword of draining.
* * * LOW HITPOINT WARNING * * *
You feel drained.
* * * LOW HITPOINT WARNING * * *
You feel very mighty all of a sudden.
Duvessa hits you with a +2 short sword of draining.
* * * LOW HITPOINT WARNING * * *
You feel drained.
* * * LOW HITPOINT WARNING * * *
You slash Duvessa! You headbutt Duvessa.
You kill Duvessa!
You hear a distant wail of despair.
Your Fighting skill increases to level 5!
Your Axes skill increases to level 5!
Your Armour skill increases to level 5!
You have reached level 6!
Dowan, Brother of Duvessa comes into view.
He is wielding a +0 dagger of electrocution.
Dowan shouts!
Dowan seems to find hidden reserves of power!
Dowan says, "Her death will not be in vain!"
You aren't carrying any items that you can evoke.
It was a potion of haste.
You feel yourself speed up.
You closely miss Dowan. You headbutt Dowan.
Dowan is moderately wounded.
Dowan gestures at you while chanting. The stone arrow hits you!
You die...

##+###### #.#######.## #.
#.......# #...>.......
#.##....... ##.###.......
#.......... ###....#.......
#......... #......#.......
#........# #......+.......
....!....# #....†.##.##.#.
#.##....†#######....#.##.##...
#...........e@....).#....)....
......##)...........####.#....
..##................# #.#.##.
#..##........###.# #.#.##. #.
#........# #.# ###.##. ..
.....([)........ #.# . #
#.##..#....####..# #.# #.
#.##....# .# #.. # ## ######
...


You could see Dowan (fast).

Vanquished Creatures
  Duvessa (D:4)
  A hound (D:4)
  A gnoll (D:1)
  3 adders
  4 worms
  2 dart slugs
  An orc (D:4)
  6 ball pythons
  6 endoplasms
  7 giant cockroaches
  5 goblins
  7 hobgoblins
  13 jackals
  2 quokkas
  5 bats
  3 frilled lizards
  4 kobolds
  9 rats
80 creatures vanquished.

Vanquished Creatures (others)
  2 plants
2 creatures vanquished.

Grand Total: 82 creatures vanquished

Notes
Turn   | Place    | Note
-------+----------+-------------------------------------------
     0 | D:1      | wilfster70 the Minotaur Fighter began the quest for the
                  | Orb.
     0 | D:1      | Reached XP level 1. HP: 19/19 MP: 0/0
    89 | D:1      | Found Ujihaho's Distillery.
   271 | D:1      | Reached XP level 2. HP: 27/27 MP: 1/1
   579 | D:1      | Reached XP level 3. HP: 33/33 MP: 2/2
  1029 | D:2      | Reached XP level 4. HP: 40/40 MP: 3/3
  2044 | D:3      | Found a shimmering blue altar of Sif Muna.
  2636 | D:4      | Reached XP level 5. HP: 42/47 MP: 4/4
  2658 | D:4      | Noticed Duvessa
  2674 | D:4      | Killed Duvessa
  2675 | D:4      | Reached skill level 5 in Fighting
  2675 | D:4      | Reached skill level 5 in Axes
  2675 | D:4      | Reached skill level 5 in Armour
  2675 | D:4      | Reached XP level 6. HP: 7/51 MP: 5/5
  2675 | D:4      | Noticed Dowan
  2681 | D:4      | Killed from afar by Dowan

Illustrated notes

Levels and vault maps discovered:
D:1:      dpeg_arrival_snail, layout_loops_ring, serial_shops, shop,
          minmay_tetromino_i4
D:2:      cheibrodos_old_hovel, layout_loops_ring, dreamdust_wishing_well
D:3:      wad_lake_hut, layout_basic, mainiacjoe_overflow_boulevard
D:4:      layout_basic, nicolae_overflow_hidden_temple,
          gammafunk_ghost_abyssal_escape, uniq_duvessa, uniq_blork_the_orc

Skill      XL: |  1  2  3  4  5 |
---------------+----------------+-----
Axes           | 3 4 5 |  5.5
Fighting       | 4 5 |  5.0
Armour         | 4 5 |  5.0
Shields        | 4 |  4.0

Action                   |  1- 3 |  4- 6 || total
-------------------------+-------+-------++-------
Melee: War axe           |    41 |    75 ||   116
       Headbutt          |     5 |    11 ||    16
 Fire: Sling             |    49 |       ||    49
  Use: Scroll            |       |     6 ||     6
       Potion            |       |     2 ||     2
Armor: Scale mail        |    23 |    20 ||    43
       Chain mail        |       |     5 ||     5
Dodge: Dodged            |    27 |    27 ||    54
Block: Buckler           |    18 |    15 ||    33

Table legend: (Time is in decaauts)
 A = Elapsed time spent in this place.
 B = Non-inter-level travel time spent in this place.
 C = Inter-level travel time spent in this place.
 D = Time resting spent in this place.
 E = Time spent auto-exploring this place.
 F = Levels seen in this place.
 G = Mean time per level.
                   A        B        C        D        E       F      G
               +--------+--------+--------+--------+--------+-----+--------+
         Total |   2782 |   2691 |     91 |    198 |   1527 |   4 |  695.5 |
       Dungeon |   2782 |   2691 |     91 |    198 |   1527 |   4 |  695.5 |
               +--------+--------+--------+--------+--------+-----+--------+

Top non-repeatable levels by time:
     D:3: 1087 daAuts
     D:1: 892 daAuts
     D:2: 689 daAuts
     D:4: 111 daAuts
